AoeStats
← TheQuietRiot

Arabian Desert

509482746Analyzed
1v1 RM · 4d ago on Sep 26, 2026· 35m 23s· 2 players
Game mode
Random Map
Map size
Tiny (2 player)
Population
200
Speed
Normal
Resources
Standard
Victory
Conquest
Starting age
Dark Age
Ending age
Imperial Age
RankedLock teamsTeams togetherTeam positionsShared explorationLock speedFull tech treeHidden civsTurbo modeCheats
Victory
Defeat
🇦🇷 Magyars · Argentina
982
+15
🇬🇧 Saxons · United Kingdom
953
-15
TheQuietRiot
0:26 Loom
10:39 Feudal Age
11:10 Double-Bit Axe
22:28 Castle Age
24:21 Bow Saw
25:32 Horse Collar
26:55 Crossbowman
29:20 Wheelbarrow
29:43 Pikeman
30:23 Squires
33:26 Forging
Proteína G
3:46 Loom
10:36 Feudal Age
10:45 Man-at-Arms
11:13 Double-Bit Axe
11:10 Horse Collar
16:30 Wheelbarrow
19:42 Castle Age
18:20 Gold Mining
18:59 Bloodlines
18:55 Scale Barding Armor
20:28 Husbandry
20:52 Chain Barding Armor
20:58 Bow Saw
21:31 Heavy Plow
26:26 Gold Shaft Mining
32:40 Fletching
32:50 Padded Archer Armor
33:37 Hand Cart
Connection lost

Rejoining the realm…

Still unreachable

The connection could not be restored.

Session expired

The server has moved on; the page needs a fresh start.